 Seeded DCSS version 0.29.1-15-g9cfb28693d (webtiles) character file.

Game seed: 10772915034647449036 (custom seed)

26 GigaChad the Covered (level 2, 27/27 HPs)
             Began as a Minotaur Fighter on Mar 13, 2023.
             Quit the game on level 1 of the Dungeon.
             The game lasted 00:02:00 (865 turns).

GigaChad the Covered (Minotaur Fighter)              Turns: 865, Time: 00:02:01

Health: 27/27      AC:  7    Str: 20    XL:     2   Next: 89%
Magic:  1/1        EV:  9    Int:  5    God:
Gold:   75         SH:  5    Dex:  9    Spells: 1/1 levels left

rFire   . . .      SeeInvis .   a - +0 war axe (vorpal)
rCold   . . .      Faith    .   c - +1 buckler
rNeg    . . .      Spirit   .   b - +0 scale mail
rPois   .          Reflect  .   (helmet restricted)
rElec   .          Harm     .   (no cloak)
rCorr   .          Rampage  .   (no gloves)
Will    .....                   (no boots)
Stlth   ..........              (no amulet)
HPRegen 0.09/turn               (no ring)
MPRegen 0.07/turn               (no ring)

@: no status effects
A: horns 2, retaliatory headbutt
a: no special abilities


You were on level 1 of the Dungeon.
You visited 1 branch of the dungeon, and saw 1 of its levels.

You collected 75 gold pieces.

Inventory:

Hand Weapons
 a - a +0 vorpal war axe (weapon)
Armour
 b - a +0 scale mail (worn)
 c - a +1 buckler (worn)
Potions
 d - a potion of might
 f - a potion of curing
 g - a potion of magic {unknown}


   Skills:
 + Level 4.1 Fighting
 + Level 2.7 Axes
 + Level 4.2 Armour
 + Level 3.8 Shields


You had one spell level left.
You didn't know any spells.
Your spell library contained the following spells:

 Spells                   Type           Power      Damage    Failure   Level
 Slow                     Hex            0%         N/A       88%         1
 Confusing Touch          Hex            0%         N/A       99%         3
 Portal Projectile        Hex/Tloc       0%         N/A       99%         3
 Tukima's Dance           Hex            0%         N/A       99%         3
 Vampiric Draining        Necr           0%         2d6       99%         3
 Blade Hands              Tmut           0%         N/A       100%        5


Dungeon Overview and Level Annotations

Branches:
Dungeon (1/15)

Altars:


Innate Abilities, Weirdness & Mutations

You have a pair of horns on your head.
You reflexively headbutt those who attack you in melee.


Message History

You see here a dart slug corpse.
There is an open door here.
You open the door.
There is an open door here.
There is an open door here.
You open the door.
There is an open door here.
i - a scroll labelled FETHAL USCHAB A goblin comes into view.
It is wielding a +0 dagger.
The goblin shouts!
You miss the goblin. Your headbutt misses the goblin.
The goblin hits you but does no damage.
You barely miss the goblin. Your headbutt misses the goblin.
The goblin hits you but does no damage. The goblin barely misses you.
You furiously retaliate!
You headbutt the goblin!
You kill the goblin!
No target in view!
Things that are here:
a +0 dagger; a goblin corpse
Found a pair of gloves.
You see here a +0 pair of gloves.
You see here a +0 pair of gloves.
Things that are here:
a +0 dagger; a goblin corpse
There is an open door here.
There is an open door here.
You see here a +0 club.
Done exploring.
Done exploring.
As you read the scroll labelled TAFISA WIOMORPH, it crumbles to dust.
It is a scroll of enchant armour.
Your +0 buckler glows green for a moment.
As you read the scroll labelled FETHAL USCHAB, it crumbles to dust.
It is a scroll of brand weapon.
Your +0 war axe emits a brilliant flash of light!
a - a +0 vorpal war axe (weapon)
As you read the scroll labelled YCEVVA TOAMO, it crumbles to dust.
It is a scroll of identify.
f - a potion of curing Are you sure you want to abandon this character and quit the game? (Confirm with "yes".)

########### #..........
##.#.#.#.#. ########..........
#.......#.#.#.#.#.
#@######..........
#.#.....#.#†#.#.#.
#.#.####..........
################.#.# ##.#.#.#.#.
........#......#.#.# #........>.
........#......#.#.# ##.#.#.#.#.
........#......#.#.# #..........
........#......#)#.#####.#.#.#.#.
..##.####......#.#........÷......


There were no monsters in sight!

Vanquished Creatures
  2 dart slugs (D:1)
  2 bats (D:1)
  2 endoplasms (D:1)
  3 goblins (D:1)
  A hobgoblin (D:1)
  2 jackals (D:1)
  A quokka (D:1)
  2 ball pythons (D:1)
  2 kobolds (D:1)
  4 rats (D:1)
21 creatures vanquished.

Notes
Turn   | Place    | Note
-------+----------+-------------------------------------------
     0 | D:1      | GigaChad the Minotaur Fighter began the quest for the Orb.
     0 | D:1      | Reached XP level 1. HP: 19/19 MP: 0/0
   199 | D:1      | Reached XP level 2. HP: 22/27 MP: 1/1
   365 | D:1      | Found a faded altar of an unknown god.
   865 | D:1      | Quit the game

Illustrated notes

Levels and vault maps discovered:
D:1:      lightli_arrival_boilingwater, layout_basic,
          hellmonk_ecumenical_altar_zigzags, st_stairs_10

Skill      XL: |  1  2 |
---------------+-------+-----
Armour         | 4 |  4.2
Fighting       | 4 |  4.1
Axes           | |  2.7
Shields        | |  3.8

Action                   || total
-------------------------++-------
Melee: War axe           ||    45
       Headbutt          ||     5
  Use: Scroll            ||     3
Armor: Scale mail        ||    19
Dodge: Dodged            ||    25
Block: Buckler           ||    10
